 Dungeon Crawl Stone Soup version 0.21-a0-509-gecc5317 (webtiles) character file.

55 BingusPrime the Charmwright (level 3, 0/42 HPs)
             Began as a Barachi Skald on Nov 28, 2017.
             Was an Initiate of Wu Jian.
             Succumbed to an adder's poison
             ... on level 2 of the Dungeon.
             The game lasted 00:06:55 (1484 turns).

BingusPrime the Charmwright (Barachi Skald)         Turns: 1484, Time: 00:06:56

Health: 0/42       AC: 21    Str: 12    XL:     3   Next: 93%
Magic:  1/7        EV:  2    Int: 13    God:    Wu Jian [......]
Gold:   27         SH:  0    Dex: 12    Spells: 4/7 levels left

rFire    . . .     SeeInvis .   a - +0 spear
rCold    . . .     Gourm    .   (no shield)
rNeg     + + +     Faith    .   (armour currently unavailable)
rPois    +         Spirit   .   (helmet currently unavailable)
rElec    .         Reflect  .   (cloak currently unavailable)
rCorr    .         Harm     .   (gloves currently unavailable)
MR       .....     NoTele   +   (boots currently unavailable)
Stlth    +.........             (no amulet)
HPRegen  0.14/turn              (no ring)
MPRegen  0.10/turn              (no ring)

@: lethally poisoned (0 -> -2), tree-form, singing (expiring), very slightly
contaminated
A: +LOS, swims
a: Renounce Religion


You were on level 2 of the Dungeon.
You worshipped Wu Jian.
Wu Jian was noncommittal.
You were not hungry.
You were a tree.
You visited 1 branch of the dungeon, and saw 2 of its levels.

You collected 27 gold pieces.

Inventory:

Hand Weapons
 a - a +0 spear (weapon)
Missiles
 f - 38 stones (quivered)
Armour
 b - a +1 leather armour (melded)
Jewellery
 k - a cursed ring of loudness {unknown}
Scrolls
 e - 2 scrolls of enchant armour
 i - a scroll of teleportation {unknown}
 j - 2 scrolls of remove curse {unknown}
Potions
 g - a potion of flight
Books
 c - a book of Battle

   Spells                             Type                      Level
   a - Infusion                       Charms                       1
   b - Shroud of Golubria             Charms/Translocation         2
   c - Song of Slaying                Charms                       2
   d - Spectral Weapon                Hexes/Charms                 3
   e - Regeneration                   Charms/Necromancy            3
Comestibles
 d - a royal jelly


   Skills:
 + Level 2.8 Fighting
 + Level 2.6 Polearms
 + Level 1.9 Armour
 + Level 2.4 Dodging
 + Level 0.1 Stealth
 + Level 2.7 Spellcasting
 + Level 3.6 Charms


You had 4 spell levels left.
You knew the following spells:

 Your Spells              Type           Power        Failure   Level  Hunger
a - Infusion              Chrm           ##..         5%          1    #......
b - Song of Slaying       Chrm           ##......     8%          2    ###....


Dungeon Overview and Level Annotations

Branches:
Dungeon (2/15)

Altars:
Wu Jian


Innate Abilities, Weirdness & Mutations

Shadows flee at your approach. (+LOS)
You can swim through water.
((You cover ground slowly.))
((You can hop short distances.))


Message History

You barely miss the adder.
The adder is severely wounded.
The adder bites you.
* * * LOW HITPOINT WARNING * * *
The adder bites you but does no damage.
You miss the adder.
The adder is severely wounded.
You feel sick. The adder bites you.
* * * LOW HITPOINT WARNING * * *
You hit the adder.
You kill the adder!
The Council accepts your kill.
It was a potion of flight.
You feel very buoyant.
You fly up into the air.
Your song is almost over.
It was a potion of lignification.
You turn into a tree.
Your +1 leather armour melds into your body.
Your roots penetrate the ground.
You die...

# # .##.# ..#. .#..
# ###...#.##
#...... .
##.##.##.#
######......#.# #.#
#...♣†....#...# #.#
#.####..†...# #.#
##.##.## ... #.##.#
#.. #.##.## #..
#.#...#######..
#####..............
................÷..
.#####......#######


There were no monsters in sight!

Vanquished Creatures
  3 adders (D:2)
  A worm (D:2)
  A dart slug (D:1)
  4 giant cockroaches (D:1)
  2 hobgoblins (D:1)
  2 jackals (D:1)
  3 bats
  5 frilled lizards
  2 goblins (D:1)
  A kobold (D:1)
  A rat (D:1)
25 creatures vanquished.

Notes
Turn   | Place    | Note
-------+----------+-------------------------------------------
     0 | D:1      | BingusPrime the Barachi Skald began the quest for the Orb.
     0 | D:1      | Reached XP level 1. HP: 17/17 MP: 3/3
   130 | D:1      | Reached XP level 2. HP: 23/23 MP: 0/5
   134 | D:1      | Learned a level 2 spell: Song of Slaying
   979 | D:2      | Reached XP level 3. HP: 23/28 MP: 3/6
  1153 | D:2      | Found an ornate altar of the Wu Jian Council.
  1166 | D:2      | Became a worshipper of the Wu Jian Council
  1481 | D:2      | HP: 1/28 [adder (4)]
  1484 | D:2      | Succumbed to an adder's poison

Vault maps used:
D:1:      kennysheep_arrival_forest, serial_forest,
          infiniplex_forest_straight_5, infiniplex_forest_lined_2,
          infiniplex_forest_clump_long, infiniplex_forest_clump_large,
          infiniplex_forest_corner_1, infiniplex_forest_straight_5,
          infiniplex_forest_end_3, infiniplex_forest_split
D:2:      nicolae_overflow_crystal_walls, lemuel_doored_altar

Action                   || total
-------------------------++-------
Melee: Spear             ||    92
 Cast: Infusion          ||     5
       Song of Slaying   ||     2
 Abil: Hop               ||     1
  Use: Scroll            ||     1
       Potion            ||     2
 Stab: Sleeping          ||     1
  Eat: Bread ration      ||     1
Armor: Leather armour    ||    27
Dodge: Dodged            ||    54

Table legend:
 A = Spawn XP
 B = Non-spawn XP
 C = Spawn XP percentage of total XP
 D = Spawn monster count
 E = Non-spawn monster count
 F = Spawn count percentage of total count
 G = Total turns spent on level
                    A         B        C        D         E        F      G
               +---------+---------+-------+---------+---------+-------+---------
         Total |       0 |      79 |   0.0 |       0 |      25 |   0.0 |  1484
               +---------+---------+-------+---------+---------+-------+---------
           D:1 |       0 |      31 |   0.0 |       0 |      19 |   0.0 |   973
           D:2 |       0 |      48 |   0.0 |       0 |       6 |   0.0 |   511
               +---------+---------+-------+---------+---------+-------+---------
